 Dungeon Crawl Stone Soup version 0.27-a0-1149-g4505690ab0 (webtiles) character file.

Game seed: 7310652643462736617

60 Strat the Stinger (level 4, -6/33 HPs)
             Began as a Ghoul Venom Mage on May 14, 2021.
             Mangled by an ogre
             ... wielding a +0 giant spiked club
              (19 damage)
             ... on level 5 of the Dungeon.
             The game lasted 00:04:08 (2141 turns).

Strat the Stinger (Ghoul Venom Mage)                Turns: 2141, Time: 00:04:08

Health: -6/33      AC:  6    Str: 12    XL:     4   Next: 6%
Magic:  5/5        EV: 11    Int: 10    God:
Gold:   129        SH:  0    Dex:  9    Spells: 3/6 levels left

rFire    . . .     SeeInvis .   d - +2 hand axe (vorpal)
rCold    + . .     Faith    .   (no shield)
rNeg     + + +     Spirit   .   j - +0 leather armour
rPois    ∞         Reflect  .   (no helmet)
rElec    .         Harm     .   (no cloak)
rCorr    .         Rampage  .   (no gloves)
Will     .....                  i - +2 pair of boots
Stlth    +.........             (no amulet)
HPRegen  0.00/turn              (no ring)
MPRegen  0.09/turn              (no ring)

@: no status effects
A: claws 1, cold resistance 1, negative energy resistance 3, inhibited
regeneration, torment resistance 2
a: no special abilities


You were on level 5 of the Dungeon.
You visited 1 branch of the dungeon, and saw 4 of its levels.

You collected 129 gold pieces.

Inventory:

Hand Weapons
 b - a +0 dagger
 d - a +2 vorpal hand axe (weapon)
Missiles
 c - 53 stones
 f - a throwing net
Armour
 a - a +0 robe
 i - a +2 pair of boots (worn)
 j - a +0 leather armour (worn)
Potions
 e - a potion of heal wounds {unknown}
 g - 2 potions of ambrosia {unknown}
 h - a potion of cancellation {unknown}


   Skills:
 + Level 2.6 Axes
 - Level 1.7 Dodging
 - Level 2.1 Stealth
 - Level 1.7 Spellcasting
 - Level 0.8 Transmutations
 - Level 3.6 Poison Magic


You had 3 spell levels left.
You knew the following spells:

 Your Spells              Type           Power      Damage    Failure   Level
a - Sting                 Tmut/Pois      20%        1d4       16%         1
b - Poisonous Vapours     Pois/Air       8%         N/A       28%         2

Your spell library contained the following spells:

 Spells                   Type           Power      Damage    Failure   Level
 Shock                    Conj/Air       0%         1d3       38%         1
 Static Discharge         Conj/Air       0%         N/A       52%         2
 Ignite Poison            Fire/Tmut/Pois 3%         N/A       54%         3
 Mephitic Cloud           Conj/Pois/Air  3%         N/A       58%         3
 Swiftness                Air            0%         N/A       77%         3
 Olgreb's Toxic Radiance  Pois           8%         N/A       67%         4
 Airstrike                Air            0%         N/A       99%         4
 Lightning Bolt           Conj/Air       0%         1d11      100%        5


Dungeon Overview and Level Annotations

Branches:
Dungeon (3/15)

Altars:


Innate Abilities, Weirdness & Mutations

You thrive by killing the living.
You are immune to poison.
You have sharp fingernails.
Your flesh is cold resistant. (rC+)
You are immune to negative energy. (rN+++)
You do not regenerate when monsters are visible.
You are immune to unholy pain and torment.


Message History

The centaur skeleton hits you but does no damage.
The centaur skeleton kicks you but does no damage.
The orc closely misses you. The orc hits you with a +0 club.
A phantom comes into view.
The centaur skeleton misses you. The centaur skeleton kicks you.
The centaur skeleton hits you but does no damage.
The centaur skeleton barely misses you. The centaur skeleton misses you.
The centaur skeleton kicks you but does no damage.
The centaur skeleton hits you but does no damage.
The centaur skeleton kicks you but does no damage.
The centaur skeleton closely misses you.
The centaur skeleton kicks you but does no damage.
A hound comes into view.
The hound moves out of view.
The centaur skeleton hits you but does no damage.
The centaur skeleton kicks you.
Found 19 gold pieces and a leather armour.
The centaur skeleton barely misses you.
The centaur skeleton closely misses you.
Found a whip.
The hound barks!
You hear a shout!
You see here a +0 whip.
The centaur skeleton hits you. The centaur skeleton kicks you.
The hound barely misses you.
An ogre comes into view. It is wielding a +0 giant spiked club.
The hound barely misses you. The hound bites you. The ogre closely misses you.
You hit the ogre.
The ogre is moderately wounded.
You hit the hound. The hound bites you but does no damage. The hound bites you.
* * * LOW HITPOINT WARNING * * *
You hit the ogre.
The ogre is heavily wounded.
You hit the hound but do no damage. The hound bites you but does no damage.
The ogre hits you with a +0 giant spiked club!!
Ouch! That really hurt!
You die...

###########
#.h@O......
#.###.#.###
#.....[.#
#.##.....#
#o##..#..##.
#o#.#.#..$..
#Z.........
#.##.##.#
#.......#


You could see an ogre and a hound.

Vanquished Creatures
  An adder (D:3)
  A worm (D:2)
  An orc (D:3)
  5 bats
  2 endoplasms (D:1)
  3 giant cockroaches
  5 goblins
  A hobgoblin (D:1)
  8 jackals (D:2)
  2 quokkas (D:1)
  5 ball pythons
  A frilled lizard (D:1)
  3 kobolds (D:1)
  3 rats
41 creatures vanquished.

Vanquished Creatures (others)
  A goblin (D:2)
1 creature vanquished.

Grand Total: 42 creatures vanquished

Notes
Turn   | Place    | Note
-------+----------+-------------------------------------------
     0 | D:1      | Strat the Ghoul Venom Mage began the quest for the Orb.
     0 | D:1      | Reached XP level 1. HP: 14/14 MP: 2/2
   354 | D:1      | Reached XP level 2. HP: 14/20 MP: 0/3
   758 | D:1      | Reached skill level 1 in Axes
  1097 | D:2      | Reached XP level 3. HP: 26/26 MP: 4/4
  1105 | D:2      | Found a faded altar of an unknown god.
  2005 | D:3      | Reached XP level 4. HP: 29/33 MP: 5/5
  2043 | D:3      | Learned a level 2 spell: Poisonous Vapours
  2103 | D:3      | You fall into a shaft and drop 2 floors!
  2103 | D:5      | Entered Level 5 of the Dungeon
  2109 | D:5      | Noticed a phantom
  2136 | D:5      | Noticed an ogre
  2141 | D:5      | Mangled by an ogre

Illustrated notes

Levels and vault maps discovered:
D:1:      eino_arrival_druids_welcome, layout_basic
D:2:      layout_loops_ring, chequers_ecumenical_altar_island,
          lemuel_old_faithful
D:3:      layout_basic, nicolae_overflow_hidden_temple, minmay_cupped
D:5:      layout_loops_cross

Skill      XL: |  1  2  3 |
---------------+----------+-----
Axes           | 1 2 |  2.6
Dodging        | |  1.7
Stealth        | |  2.1
Spellcasting   | |  1.7
Transmutations | |  0.8
Poison Magic   | |  3.6

Action                   |  1- 3 |  4- 6 || total
-------------------------+-------+-------++-------
Melee: Unarmed           |    11 |       ||    11
       Dagger            |    29 |       ||    29
       Hand axe          |    73 |     3 ||    76
 Cast: Sting             |     7 |       ||     7
 Stab: Sleeping          |     4 |       ||     4
Armor: Robe              |    29 |       ||    29
       Leather armour    |     5 |    15 ||    20
Dodge: Dodged            |    88 |    12 ||   100

Table legend: (Time is in decaauts)
 A = Elapsed time spent in this place.
 B = Non-inter-level travel time spent in this place.
 C = Inter-level travel time spent in this place.
 D = Time resting spent in this place.
 E = Time spent auto-exploring this place.
 F = Levels seen in this place.
 G = Mean time per level.
                   A        B        C        D        E       F      G
               +--------+--------+--------+--------+--------+-----+--------+
         Total |   2161 |   2129 |     32 |    323 |   1395 |   4 |  540.2 |
       Dungeon |   2161 |   2129 |     32 |    323 |   1395 |   4 |  540.2 |
               +--------+--------+--------+--------+--------+-----+--------+

Top non-repeatable levels by time:
     D:1: 1021 daAuts
     D:2: 906 daAuts
     D:3: 196 daAuts
     D:5: 38 daAuts
